 Dungeon Crawl Stone Soup version 0.19.4-8-ga85b6b9 (webtiles) character file.

2086 Jerry the Cleaver (level 9, -2/81 HPs)
             Began as a Hill Orc Fighter on Feb 11, 2017.
             Was an Initiate of Gozag.
             Slain by a hippogriff (4 damage)
             ... on level 7 of the Dungeon.
             The game lasted 00:16:11 (6464 turns).

Jerry the Cleaver (Hill Orc Fighter)                Turns: 6464, Time: 00:16:12

Health: -2/81      AC: 11    Str: 20    XL:     9   Next: 27%
Magic:  18/18      EV:  9    Int: 10    God:    Gozag
Gold:   698        SH:  0    Dex: 10    Spells: 0 memorised, 8 levels left

rFire  . . .     SeeInvis .     I - +4 battleaxe (curse)
rCold  + . .     Gourm    .     e - +0 scale mail {rC+}
rNeg   . . .     Faith    .     (shield currently unavailable)
rPois  .         Spirit   .     i - +0 helmet
rElec  .         Reflect  .     (no cloak)
rCorr  .         Harm     .     x - +0 pair of gloves
MR     .....                    j - +0 pair of boots
Stlth  ..........               (no amulet)
                                (no ring)
                                r - ring of magical power

@: drained
A: no striking features
a: Potion Petition, Call Merchant, Bribe Branch, Renounce Religion


You were on level 7 of the Dungeon.
You worshipped Gozag.
Gozag was pleased with you.
You were not hungry.

You visited 1 branch of the dungeon, and saw 7 of its levels.

You collected 766 gold pieces.
You paid 68 gold pieces to Gozag.

Inventory:

Hand Weapons
 a - a +0 war axe
 G - a +1 whip of freezing
 I - a cursed +4 battleaxe (weapon)
 J - a cursed +3 morningstar
 P - a cursed +2 war axe
Armour
 c - a +0 shield
 e - a +0 scale mail of cold resistance (worn)
 i - a +0 helmet (worn)
 j - a +0 pair of boots (worn)
 x - a +0 pair of gloves (worn)
 K - a +2 shield
Jewellery
 o - an uncursed amulet of faith
 r - a ring of magical power (left hand)
Wands
 p - a wand of random effects (26/48)
 A - a wand of iceblast (7/15)
 F - a wand of iceblast (5/15)
Scrolls
 b - 7 scrolls of identify
 g - 6 scrolls of remove curse {unknown}
 l - 2 scrolls of recharging {unknown}
 n - a scroll of magic mapping {unknown}
 t - a scroll of amnesia {unknown}
 v - 4 scrolls of teleportation {unknown}
 w - 2 scrolls of blinking {unknown}
 y - 2 scrolls of random uselessness {unknown}
 E - a scroll of noise {unknown}
 M - a scroll of immolation {unknown}
 N - 2 scrolls of enchant armour {unknown}
 O - a scroll of acquirement {unknown}
Potions
 d - a potion of might
 k - a potion of haste
 m - a potion of invisibility
 q - 2 potions of curing {unknown}
 s - a potion of heal wounds {unknown}
 u - 5 potions of flight {unknown}
 z - a potion of cancellation {unknown}
 B - a potion of lignification {unknown}
 H - a potion of brilliance {unknown}
Books
 C - a book of Changes

   Spells                             Type                      Level
   a - Beastly Appendage              Transmutation                1
   b - Sticks to Snakes               Transmutation                2
   c - Spider Form                    Transmutation/Poison         3
   d - Ice Form                       Ice/Transmutation            4
   e - Blade Hands                    Transmutation                5
 L - a book of Air

   Spells                             Type                      Level
   a - Shock                          Conjuration/Air              1
   b - Swiftness                      Charms/Air                   2
   c - Repel Missiles                 Charms/Air                   2
   d - Static Discharge               Conjuration/Air              3
   e - Lightning Bolt                 Conjuration/Air              5
Comestibles
 f - 4 bread rations
 h - 5 meat rations
 D - 8 fruits


   Skills:
 + Level 7.9(7.7) Fighting
 * Level 11.3(11.1) Axes
 + Level 7.2(7.0) Armour
 - Level 3.2(3.1) Shields


You had 8 spell levels left.
You didn't know any spells.

Dungeon Overview and Level Annotations

Branches:
Dungeon (7/15)             Temple (0/1) D:4

Altars:
Cheibriados
Elyvilon
Gozag
Makhleb
Zin

Shops:
D:4 :   D:6 !:[

Annotations:
D:7 Prince Ribbit


Message History

Your scale mail prevents you from hitting the hippogriff.
The hippogriff is almost dead.
The hippogriff bites you.
* * * LOW HITPOINT WARNING * * *
The hippogriff pecks you but does no damage.
The hippogriff claws you but does no damage.
The hippogriff bites you but does no damage.
The hippogriff pecks you.
* * * LOW HITPOINT WARNING * * *
The hippogriff claws you.
* * * LOW HITPOINT WARNING * * *
You barely miss the hippogriff.
The hippogriff is almost dead.
The hippogriff bites you!
* * * LOW HITPOINT WARNING * * *
The hippogriff pecks you.
* * * LOW HITPOINT WARNING * * *
The hippogriff claws you.
You die...
Your body crumbles into a pile of gold.

.........#....'......####'###
.........##+####'#####......#
##########...............(..#
..+......#..................#
..#......'..................#
..#......#............#######
..#......#....)########...
..##.....#....ZH..........
..##.....#.....#@........
..+......#.....#.....##.
..#......#.....#.....#
..##.....#.....#.....#######
..##.....#.....#...........#
.........#.....#...........#
.........#.....#'######....#
#'########............#######
............................#


You could see a hippogriff and a quokka skeleton.

Vanquished Creatures
  Pikel (D:4)
  A slave (D:4)
  3 ogres (D:5)
  3 bullfrogs
  2 scorpions
  6 wights
  A bullfrog zombie (D:6)
  2 crimson imps
  2 hounds
  A jelly (D:6)
  2 orc priests
  7 orc wizards
  A bullfrog skeleton (D:4)
  3 iguanas
  3 worker ants
  A howler monkey zombie (D:5)
  7 gnolls
  5 adders
  A shadow imp (D:5)
  3 adder zombies
  5 adder skeletons
  6 worms
  4 dart slugs
  A leopard gecko (D:1)
  9 orcs
  2 ball pythons
  A bat skeleton (D:2)
  2 giant cockroaches
  6 hobgoblins
  4 jackals (D:5)
  2 quokkas (D:2)
  7 bats
  5 frilled lizards
  A giant cockroach zombie (D:2)
  11 goblins
  5 kobolds
  2 leopard gecko skeletons (D:2)
  5 rats
133 creatures vanquished.

Notes
Turn   | Place    | Note
-------+----------+-------------------------------------------
     0 | D:1      | Jerry the Hill Orc Fighter began the quest for the Orb.
     0 | D:1      | Reached XP level 1. HP: 19/19 MP: 1/1
    29 | D:1      | You fall through a shaft!
    57 | D:1      | Reached skill level 3 in Axes
    57 | D:1      | Reached XP level 2. HP: 18/27 MP: 2/2
   291 | D:1      | Reached XP level 3. HP: 33/33 MP: 3/3
   820 | D:2      | Found a snail-covered altar of Cheibriados.
   820 | D:2      | Found a glowing silver altar of Zin.
   880 | D:2      | Reached skill level 4 in Axes
  1044 | D:2      | Reached XP level 4. HP: 40/40 MP: 4/4
  2134 | D:3      | Reached XP level 5. HP: 40/47 MP: 5/5
  2604 | D:4      | Reached skill level 5 in Fighting
  2604 | D:4      | Reached skill level 5 in Axes
  2893 | D:4      | Found an opulent altar of Gozag.
  2893 | D:4      | Found a faded altar of an unknown god.
  2898 | D:4      | Found a burning altar of Makhleb.
  2900 | D:4      | Found a faded altar of an unknown god.
  2902 | D:4      | Found a faded altar of an unknown god.
  2941 | D:4      | Found a white marble altar of Elyvilon.
  3137 | D:4      | Became a worshipper of Gozag Ym Sagoz the Greedy
  3289 | D:4      | Reached XP level 6. HP: 42/56 MP: 6/6
  3315 | D:4      | Reached skill level 6 in Axes
  3450 | D:4      | Found Kiucykoi's Book Shoppe.
  3474 | D:4      | Noticed a slave
  3475 | D:4      | Noticed a slave
  3476 | D:4      | Noticed a slave
  3476 | D:4      | Noticed a slave
  3543 | D:4      | Found a staircase to the Ecumenical Temple.
  3640 | D:3      | Found an opulent altar of Gozag.
  3719 | D:4      | Killed a slave
  3793 | D:4      | Noticed Pikel
  3804 | D:4      | Killed Pikel
  3804 | D:4      | Reached skill level 8 in Axes
  3804 | D:4      | Reached skill level 5 in Armour
  3804 | D:4      | Reached XP level 7. HP: 32/63 MP: 7/7
  4040 | D:5      | Entered Level 5 of the Dungeon
  4220 | D:5      | Reached XP level 8. HP: 64/71 MP: 8/8
  4595 | D:5      | Reached skill level 9 in Axes
  5356 | D:6      | Reached skill level 10 in Axes
  5389 | D:6      | Found Duetoise's Distillery.
  5617 | D:6      | Found Vaugh's Book Shoppe.
  5663 | D:6      | Found Vaom's Antique Armour Emporium.
  5685 | D:6      | Reached XP level 9. HP: 65/79 MP: 9/9
  6219 | D:7      | Noticed Prince Ribbit
  6230 | D:7      | Reached skill level 11 in Axes
  6464 | D:7      | HP: 2/81 [hippogriff (4)]
  6464 | D:7      | Slain by a hippogriff

Skill      XL: |  1  2  3  4  5  6  7  8  9 |
---------------+----------------------------+-----
Axes           | 3 4 5 8 10 11 | 11.3
Fighting       | 4 5 6 7 |  7.9
Armour         | 4 5 6 7 |  7.2
Shields        | |  3.2

Action                   |  1- 3 |  4- 6 |  7- 9 || total
-------------------------+-------+-------+-------++-------
Melee: War axe           |    91 |   181 |    58 ||   330
       Battleaxe         |       |       |   123 ||   123
  Use: Scroll            |     3 |       |       ||     3
  Eat: Chunk             |     1 |     7 |     1 ||     9
       Pizza             |       |     1 |       ||     1
       Bread ration      |       |       |     2 ||     2
Armor: Scale mail        |    65 |    90 |    84 ||   239
Dodge: Dodged            |    59 |    97 |    87 ||   243
